Unix NetHack Version 5.0.0-0 post-release - last build May  4 2026 22:22:43 (774f63e81ad911689b3a0859ea89b322d5daca8d,branch:main).

Game began 2026-05-10 10:23:06, ended 2026-05-10 20:26:26.

A4Paper, chaotic female elven Wizard

        G          G

                                h
                 ....    G
                 h@).
                 .... f
                 ....
                 -<..
                 |..      h

A4Paper the Evoker        St:10 Dx:15 Co:13 In:20 Wi:8 Ch:10  Chaotic S:266
Dlvl:3  $:38 HP:0(13) Pw:4(16) AC:7  Xp:2/32 T:600 

Latest messages:
 The door opens.
 You see here a large box.
 In what direction?
 Never mind.
 In what direction?
 Hmmm, the large box turns out to be locked.
 You see here 10 gold pieces.
 $ - 10 gold pieces (24 in total).
 This door is locked.
 This door is locked.
 That door is closed.
 This door is locked.
 This door is locked.
 This door is locked.
 In what direction?
 The door crashes open!
 The door resists!
 The door opens.
 Really save? [yn] (n)
 Saving...
 Restoring save file...
 Hello A4Paper, the elven Wizard, welcome back to NetHack!
 The door opens.
 You see here 7 gold pieces.
 $ - 7 gold pieces (31 in total).
 You see here 7 gold pieces.
 $ - 7 gold pieces (38 in total).
 You see here a banana.
 k - a banana.
 You feel a wrenching sensation.
 You see here a cram ration.
 s - a cram ration.
 You descend the stairs.
 You climb up the stairs.
 You hear someone counting gold coins.
 You fail to cast the spell correctly.
 You descend the stairs.
 Bluey misses the gnome.
 Bluey bites the gnome.
 In what direction?
 The spell hits the gnome!
 You kill the gnome!
 The dwarf king throws a dagger!
 You are hit by a dagger.
 You feel tough!
 You must have been leading a healthy life-style.
 The dwarf king hits!
 The dwarf king hits again!
 You die...
 Do you want your possessions identified? [ynq] (y)

Inventory:
 Coins    ('$')
  $ - 38 gold pieces
 Weapons  (')')
  a - a blessed +1 quarterstaff (weapon in hands)
 Armor    ('[')
  b - a blessed +2 cloak of magic resistance (being worn)
 Comestibles  ('%')
  k - an uncursed banana
  s - an uncursed cram ration
  p - an uncursed tin of spinach
 Scrolls  ('?')
  j - an uncursed scroll of create monster
  i - an uncursed scroll of identify
 Spellbooks  ('+')
  r - an uncursed spellbook of chain lightning
  l - a blessed spellbook of force bolt
  m - an uncursed spellbook of remove curse
 Potions  ('!')
  f - an uncursed potion of booze
  q - a cursed potion of gain energy
  h - an uncursed potion of paralysis
  g - an uncursed potion of speed
 Rings    ('=')
  e - an uncursed ring of fire resistance
  d - an uncursed ring of teleportation
 Wands    ('/')
  c - a wand of sleep (0:5)
 Tools    ('(')
  o - an uncursed bell
  n - a magic marker (0:21)

A4Paper the Wizard's attributes:

Background:
 You were an Evoker, a level 2 female elven Wizard.
 You were chaotic, on a mission for Anhur
 who was opposed by Ptah (lawful) and Thoth (neutral).
 You were left-handed.
 You were in the Gnomish Mines, on level 3.
 You entered the dungeon 600 turns ago.
 You had 32 experience points, 8 more were needed to attain level 3.
 Your score was 266 before end-of-game adjustments.

Basics:
 You had 0 out of 13 hit points.
 You had 4 out of 16 energy points (spell power).
 Your armor class was 7.
 Your wallet contained 38 zorkmids.
 Autopickup was off.

Final Characteristics:
 Your strength was 10 (limit:18).
 Your dexterity was 15 (limit:18).
 Your constitution was 13 (limit:16).
 Your intelligence was 20 (limit:20).
 Your wisdom was 8 (limit:20).
 Your charisma was 10 (limit:18).

Final Status:
 You weren't hungry.
 You were unencumbered.
 You were wielding a quarterstaff.
 You had basic skill with quarterstaff.

Final Attributes:
 You were fervently aligned.
 You were magic-protected.
 You had infravision.
 You were warded.
 You are dead.

Miscellaneous:
 You didn't encounter any bones levels.
 Total elapsed playing time was 3 minutes and 10 seconds.

Major events:
 Turn
    1: A4Paper the chaotic female elven Wizard entered the dungeon
  595: entered the Gnomish Mines
  600: killed by a dwarf king

Spells:
 Name                 Level Category     Fail Retention
 force bolt             1   attack         0%  91%-100%
 remove curse           3   clerical      71%  76%-100%
 chain lightning        2   attack         0%  91%-100%

Skills:
 Fighting Skills
   bare handed combat [Unskilled]
   riding             [Unskilled]
 Weapon Skills
   dagger             [Unskilled]
   knife              [Unskilled]
   axe                [Unskilled]
   short sword        [Unskilled]
   club               [Unskilled]
   mace               [Unskilled]
   quarterstaff       [Basic]
   polearms           [Unskilled]
   spear              [Unskilled]
   trident            [Unskilled]
   sling              [Unskilled]
   dart               [Unskilled]
   shuriken           [Unskilled]
 Spellcasting Skills
   attack spells      [Basic]
   healing spells     [Unskilled]
   divination spells  [Unskilled]
   enchantment spells [Basic]
   clerical spells    [Unskilled]
   escape spells      [Unskilled]
   matter spells      [Unskilled]

Voluntary challenges:
 Character rerolling was not enabled.
 You were an atheist.
 You never genocided any monsters.
 You never polymorphed an object.
 You never changed form.
 You used no wishes.
Achievement:
 You entered the Gnomish Mines.

 The Dungeons of Doom: levels 1 to 3
    Level 1:
    Level 2:
       Stairs down to The Gnomish Mines.
    Level 3:
 The Gnomish Mines:
    Level 3: <- You were here.
       Final resting place for
          you, killed by a dwarf king.


Vanquished creatures:
  2 gnomes
  a jackal
  a kobold
  a goblin
  a grid bug
  3 lichens
  4 newts
13 creatures vanquished.

No species were genocided or became extinct.

Game over:
                       ----------
                      /          \
                     /    REST    \
                    /      IN      \
                   /     PEACE      \
                  /                  \
                  |     A4Paper      |
                  |      38 Au       |
                  |   killed by a    |
                  |    dwarf king    |
                  |                  |
                  |                  |
                  |       2026       |
                 *|     *  *  *      | *
        _________)/\\_//(\/(/\)/\//\/|_)_______

Goodbye A4Paper the Wizard...

You died in The Gnomish Mines on dungeon level 3 with 263 points,
and 38 pieces of gold, after 600 moves.
You were level 2 with a maximum of 13 hit points when you died.

